AoeStats
← Mich_LDDG

Northern Isles

510489655Analyzed
1v1 RM · 22h ago on Oct 1, 2026· 62m 31s· 2 players
Game mode
Random Map
Map size
Tiny (2 player)
Population
200
Speed
Normal
Resources
Standard
Victory
Conquest
Starting age
Dark Age
Ending age
Imperial Age
RankedLock teamsTeams togetherTeam positionsShared explorationLock speedFull tech treeHidden civsTurbo modeCheats
Victory
Defeat
🇸🇪 Chinese · Sweden
482
+16
🇫🇷 Vietnamese · France
492
-16
Flubby Børry
0:25 Loom
12:05 Feudal Age
12:50 Double-Bit Axe
12:48 Horse Collar
13:49 Gold Mining
17:24 Wheelbarrow
19:29 Castle Age
18:33 Fletching
18:53 Forging
18:31 Fishing Lines
21:04 Wheelbarrow
20:43 Bow Saw
20:48 Medium Warships
20:34 Gillnets
20:47 Heavy Plow
20:45 Bodkin Arrow
21:20 Stone Mining
22:38 Siphons
22:47 Clinker Construction
24:42 Stone Shaft Mining
27:10 Murder Holes
28:00 Gold Shaft Mining
29:19 Hand Cart
29:25 Fervor
30:45 Iron Casting
30:12 Padded Archer Armor
35:53 Imperial Age
34:49 Careening
35:00 Ballistics
34:38 Murder Holes
34:54 Masonry
37:16 Conscription
38:14 Chemistry
37:37 Shipwright
37:52 Heavy Warships
38:58 Two-Man Saw
40:26 Dry Dock
40:01 Heated Shot
44:36 Town Watch
48:16 Blast Furnace
47:17 Bracer
47:32 Leather Archer Armor
47:18 Scale Mail Armor
47:23 Scale Barding Armor
47:54 Architecture
54:27 Town Patrol
54:45 Chain Mail Armor
54:50 Chain Barding Armor
55:00 Ring Archer Armor
56:21 Elite Chu Ko Nu
Mich_LDDG
0:28 Loom
2:40 Loom
11:19 Feudal Age
12:18 Horse Collar
12:26 Double-Bit Axe
14:50 Wheelbarrow
14:14 Gold Mining
20:34 Stone Mining
23:18 Castle Age
24:38 Medium Warships
24:37 Heavy Plow
24:52 Bow Saw
25:21 Stone Shaft Mining
28:36 Demolition Ship
30:19 Hand Cart
29:33 Crossbowman
31:27 Town Watch
32:21 Fishing Lines
32:47 Gillnets
37:20 Chatras
42:18 Forging
42:14 Scale Barding Armor
42:01 Fletching
42:11 Padded Archer Armor
45:03 Imperial Age
44:10 Chatras
46:54 Chain Barding Armor
47:09 Iron Casting
46:30 Bodkin Arrow
46:51 Leather Archer Armor
49:43 Heavy Warships
49:50 Heavy Warships
51:32 Paper Money
51:50 Hoardings
53:23 Thumb Ring
53:52 Bracer
54:23 Ring Archer Armor
55:15 Careening
55:18 Clinker Construction
55:15 Heated Shot
55:46 Ballistics
56:28 Chemistry
55:39 Elite Rattan Archer
Connection lost

Rejoining the realm…

Still unreachable

The connection could not be restored.

Session expired

The server has moved on; the page needs a fresh start.